 Dungeon Crawl Stone Soup version 0.22-a0-246-gdc04c06 (console) character file.

138415 Duffy the Severer (level 16, -3/154 HPs)
             Began as a Deep Dwarf Fighter on Feb 22, 2018.
             Was the Champion of Makhleb.
             Slain by an entropy weaver (8 damage)
             ... on level 3 of the Spider Nest.
             The game lasted 00:44:02 (22367 turns).

Duffy the Severer (Deep Dwarf Fighter)             Turns: 22367, Time: 00:44:02

Health: -3/154     AC: 12    Str: 30    XL:     16   Next: 71%
Magic:  21/21      EV:  6    Int: 11    God:    Makhleb [******]
Gold:   2094       SH: 21    Dex:  9    Spells: 15/15 levels left

rFire    . . .     SeeInvis .   a - +5 broad axe (flame)
rCold    . . .     Gourm    .   c - +0 large shield
rNeg     + . .     Faith    .   Q - +3 plate armour "Mydafis" {rElec Int+2}
rPois    +         Spirit   .   j - +0 helmet
rElec    +         Reflect  .   A - +2 cloak {rPois}
rCorr    .         Harm     .   M - +0 pair of gloves
MR       +++..                  K - +0 pair of boots
Stlth    ..........             G - amulet of the acrobat
HPRegen  0.00/turn              Y - ring "Ruydwe" {+Inv rPois MR+ Str+3 Dex-3}
MPRegen  0.17/turn              y - +5 ring of protection

@: lethally poisoned (-3 -> -3), corroded, non-regenerating
A: damage resistance, heal wounds, negative energy resistance 1, sense
surroundings 2, no regeneration
a: Heal Wounds, Minor Destruction, Lesser Servant of Makhleb, Major Destruction,
Greater Servant of Makhleb, Renounce Religion, Evoke Invisibility


You were on level 3 of the Spider Nest.
You worshipped Makhleb.
Makhleb was exalted by your worship.
You were hungry.

You visited 4 branches of the dungeon, and saw 26 of its levels.
You also visited: Ossuary, Ice Cave and Volcano.

You collected 3226 gold pieces.
You spent 1132 gold pieces at shops.

Inventory:

Hand Weapons
 a - a +5 broad axe of flaming (weapon)
 n - a +0 broad axe of electrocution
Missiles
 z - a throwing net (quivered)
Armour
 c - a +0 large shield (worn)
 j - a +0 helmet (worn)
 A - a +2 cloak of poison resistance (worn)
 K - a +0 pair of boots (worn)
 M - a +0 pair of gloves (worn)
 Q - the +3 plate armour "Mydafis" (worn) {rElec Int+2}
   (You bought it in a shop on level 2 of the Orcish Mines)

   It affects your intelligence (+2).
   It insulates you from electricity.
 S - a +2 plate armour of fire resistance
Jewellery
 e - an uncursed ring of positive energy
 y - a +5 ring of protection (right hand)
 B - an uncursed ring of fire
 G - an amulet of the acrobat (around neck)
 T - an uncursed ring of protection from magic
 Y - the ring "Ruydwe" (left hand) {+Inv rPois MR+ Str+3 Dex-3}
   (You found it in an ice cave)

   [ring of protection from magic]

   It affects your strength (+3).
   It affects your dexterity (-3).
   It protects you from poison.
   It affects your resistance to hostile enchantments.
   It lets you turn invisible.
 Z - an uncursed ring of resist corrosion
Wands
 I - a wand of digging (41)
 P - a wand of iceblast (25)
 X - a wand of acid (6)
Scrolls
 g - 6 scrolls of blinking
 l - 12 scrolls of teleportation
 m - 8 scrolls of magic mapping
 o - 7 scrolls of fear
 v - 12 scrolls of remove curse
 w - 3 scrolls of immolation
 C - 6 scrolls of enchant armour
 D - a scroll of summoning
 N - 2 scrolls of silence
 R - 3 scrolls of fog
 U - 8 scrolls of identify
Potions
 b - a potion of berserk rage
 d - 4 potions of might
 i - 18 potions of curing
 k - a potion of ambrosia
 p - 6 potions of heal wounds
 r - 3 potions of cancellation
 t - 6 potions of haste
 u - 3 potions of flight
 x - 3 potions of resistance
 E - 6 potions of lignification
 F - 2 potions of agility
 H - 5 potions of mutation
 V - a potion of invisibility
Miscellaneous
 h - a fan of gales
 q - a phial of floods
 J - a sack of spiders
Comestibles
 f - 29 rations
 s - 3 chunks of flesh


   Skills:
 + Level 12.5 Fighting
 - Level 18.0 Axes
 + Level 13.4 Armour
 - Level 15.0 Shields
 - Level 11.7 Invocations
 - Level 10.0 Evocations


You had 15 spell levels left.
You didn't know any spells.

Dungeon Overview and Level Annotations

Branches:
Dungeon (15/15)            Temple (0/1) D:7            Lair (6/6) D:8
 Shoals (0/4) Lair:2       Spider (3/4) Lair:2        Slime (0/5) Lair:5
    Orc (2/2) D:11            Elf (0/3) Orc:2        Vaults (0/5) D:14
 Depths (0/5) D:15

Altars:
Dithmenos
Makhleb
Ru
Trog
Uskayaw
Vehumet
Xom
The Shining One
Jiyva

Shops:
D:9 %   D:11 *(*(   D:14 [(   Orc:2 [}%%

Portals:
Pandemonium: Orc:2


Innate Abilities, Weirdness & Mutations

You are resistant to damage.
You can heal yourself by infusing magical energy.
You resist negative energy. (rN+)
You passively map the area around you.
You do not regenerate.


Message History

The entropy weaver hits you! The entropy weaver hits you.
You block the entropy weaver's attack. x2
A tarantella comes into view.
You hit the entropy weaver but do no damage.
Your plate armour "Mydafis" prevents you from hitting the entropy weaver.
You block the entropy weaver's attack. x3; The entropy weaver hits you!
You slash the entropy weaver! You burn the entropy weaver.
The entropy weaver hits you but does no damage.
The entropy weaver hits you!
You block the entropy weaver's attack. x2
You hit the entropy weaver but do no damage.
The entropy weaver gestures wildly while chanting.
The entropic weave corrodes you!
Your plate armour "Mydafis" prevents you from hitting the entropy weaver.
The entropy weaver is severely wounded.
The entropy weaver gestures wildly while chanting.
The entropic weave corrodes you!
Your plate armour "Mydafis" prevents you from hitting the entropy weaver.
The entropy weaver is severely wounded.
You closely miss the tarantella. The entropy weaver hits you!
You die...

.......
...............#**,
..#.....................
, *
#................#..#...
* )..#........[.......#
.. , , , ....
.##..#....#...##... *
... ..,...#..........# ,
.. #.....#....#... *,*,
, , ......%%s..#.#. , *
, ,*##.....@a.?...., *
,,,,, ** #......%......,
, , ,,, #..)..#.#..... ,
, ##.### #^..^..,* ##*
*#..##. , *### ,, , , *
*


You could see an entropy weaver and a tarantella.

Vanquished Creatures
  Asterion (Spider:1)
  Frances (Spider:2)
  A frost giant (IceCv)
  An orc warlord (Orc:1)
  Aizul (Spider:1)
  2 emperor scorpions
  2 entropy weavers
  A red draconian (Volcano)
  An ettin (Orc:1)
  Fannar (Lair:1)
  6 hydras
  A vault guard (D:14)
  Erolcha (D:10)
  6 centaur warriors
  2 two-headed ogres
  A tengu warrior (D:14)
  6 orc high priests (Orc:2)
  A sixfirhy (Orc:2)
  A torturous demonspawn (Orc:2)
  2 unseen horrors
  2 gelid demonspawn (Orc:2)
  An infernal demonspawn (Orc:2)
  3 wizards (D:14)
  Pikel (D:9)
  13 ugly things
  6 orb spiders
  A deep elf mage (D:12)
  2 necromancers (D:14)
  10 orc sorcerers
  5 orc knights (Orc:2)
  3 salamanders (Volcano)
  3 manticores
  9 wolf spiders
  A moth of wrath (Spider:1)
  3 cyclopes
  10 elephants (Lair:6)
  An ice statue (IceCv)
  2 black mambas
  10 spiny frogs
  4 torpor snails
  5 centaur skeletons
  5 komodo dragons
  8 demonic crawlers
  A kobold demonologist (D:14)
  An efreet (D:15)
  3 rime drakes
  12 jumping spiders
  A red devil (Orc:2)
  3 meliai (D:15)
  19 polar bears
  A polar bear (shapeshifter) (D:15)
  A meliai (shapeshifter) (D:15)
  7 hornets
  Grinder (D:6)
  6 trolls
  5 slime creatures
  A hippogriff (shapeshifter) (D:15)
  10 blink frogs
  10 hippogriffs
  A wolf spider simulacrum (D:15)
  A centaur simulacrum (D:15)
  17 tarantellas
  45 redbacks
  13 spriggans
  3 vampires
  5 basilisks
  2 wraiths (D:14)
  2 wyverns
  59 yaks
  18 humans (D:14)
  4 steam dragons
  A hungry ghost (D:12)
  2 vampire mosquitoes (D:13)
  Grum (D:11)
  A chaos spawn (Orc:2)
  Menkaure (D:6)
  A warg (Orc:2)
  A warg (shapeshifter) (D:13)
  11 porcupines
  8 water moccasins
  36 orc warriors
  4 ice beasts
  2 slaves (D:9)
  An eye of draining (D:13)
  4 black bears (Lair:6)
  4 sky beasts
  14 ogres
  8 boggarts
  2 centaurs (shapeshifter) (D:15)
  41 wolves
  2 necrophages
  17 centaurs
  13 crocodiles
  3 big kobolds
  The ghost of confidenceinterval the Digger, an amateur GrEE (D:4)
  A gnoll sergeant (D:7)
  Blork the orc (D:6)
  9 bullfrogs
  A wyvern zombie (D:10)
  14 scorpions
  A wyvern skeleton (D:10)
  7 wights
  An electric eel (Lair:6)
  4 howler monkeys
  8 crimson imps
  2 bullfrog zombies
  A quasit (D:8)
  2 centaur zombies
  6 hounds
  2 human zombies (Ossuary)
  13 jellies
  30 orc priests
  17 orc wizards
  Crazy Yiuf (D:3)
  Jessica (D:3)
  4 iguanas
  Terence (D:3)
  10 worker ants
  3 big kobold zombies (Ossuary)
  A hound zombie (D:7)
  3 mummies
  2 worker ant zombies
  3 gnolls (D:7)
  6 scorpion zombies (Ossuary)
  13 adders
  A shadow imp (D:6)
  12 white imps (Lair:6)
  14 oozes (Lair:4)
  An adder skeleton (D:8)
  A worm (D:2)
  3 dart slugs
  3 leopard geckos
  65 orcs
  10 bats
  5 giant cockroaches
  6 hobgoblins
  16 jackals
  18 kobolds
  2 quokkas
  5 frilled lizards
  A gnoll zombie (Ossuary)
  8 goblins
  3 goblin zombies (Ossuary)
  A hobgoblin zombie (Ossuary)
  A jackal zombie (D:6)
  An orc zombie (Ossuary)
  6 rats
  2 fungi
  3 plants
934 creatures vanquished.

Vanquished Creatures (collateral kills)
  Arachne (Spider:2)
  A stone giant (Orc:1)
  A hydra (Lair:1)
  2 two-headed ogres
  Sonja (D:11)
  A salamander mystic (Volcano)
  3 orb spiders
  A wolf spider (Spider:1)
  3 salamanders (Volcano)
  A black mamba (Lair:1)
  A spiny frog (Lair:2)
  A troll (D:9)
  A jumping spider (Spider:2)
  A hippogriff (Lair:2)
  2 tarantellas (Spider:2)
  2 redbacks (Spider:2)
  2 hungry ghosts
  A water moccasin (D:10)
  3 orc warriors (D:11)
  An eye of draining (D:8)
  An ogre (D:7)
  A wolf (Lair:2)
  A bullfrog (D:8)
  A scorpion (D:8)
  A hound (D:8)
  A jelly (D:7)
  An orc priest (D:11)
  An iguana (D:8)
  An orc wizard (D:11)
  A fungus (D:8)
40 creatures vanquished.

Vanquished Creatures (others)
  An orb spider (Spider:3)
  2 wolves (IceCv)
  A mummy (Ossuary)
  A hobgoblin zombie (Ossuary)
  18 fungi
  5 plants (Lair:6)
28 creatures vanquished.

Grand Total: 1002 creatures vanquished

Notes
Turn   | Place    | Note
-------+----------+-------------------------------------------
     0 | D:1      | Duffy the Deep Dwarf Fighter began the quest for the Orb.
     0 | D:1      | Reached XP level 1. HP: 20/20 MP: 1/1
    59 | D:1      | Reached XP level 2. HP: 28/28 MP: 2/2
   173 | D:1      | Reached skill level 3 in Axes
   337 | D:1      | Reached XP level 3. HP: 27/34 MP: 3/3
  1172 | D:3      | Noticed Terence
  1184 | D:3      | Killed Terence
  1184 | D:3      | Reached XP level 4. HP: 40/44 MP: 3/3
  1224 | D:3      | Found a burning altar of Makhleb.
  1224 | D:3      | Found a sacrificial altar of Ru.
  1230 | D:3      | Became a worshipper of Makhleb the Destroyer
  1315 | D:3      | Found a runed door.
  1410 | D:3      | Reached skill level 4 in Axes
  1457 | D:3      | Noticed Jessica
  1469 | D:3      | Reached XP level 5. HP: 38/50 MP: 4/4
  1470 | D:3      | Killed Jessica
  1814 | D:3      | Noticed Crazy Yiuf
  1822 | D:3      | Killed Crazy Yiuf
  1853 | D:4      | Noticed confidenceinterval's ghost (amateur GrEE)
  1861 | D:4      | Killed confidenceinterval's ghost
  1861 | D:4      | Reached skill level 5 in Axes
  1861 | D:4      | Reached XP level 6. HP: 39/60 MP: 5/5
  1889 | D:4      | Reached * piety under Makhleb
  1955 | D:4      | Reached skill level 5 in Fighting
  2055 | D:4      | Found a sand-covered staircase.
  2064 | Ossuary  | Entered an ossuary
  2091 | Ossuary  | Reached skill level 6 in Axes
  2122 | Ossuary  | Reached skill level 1 in Invocations
  2122 | Ossuary  | Reached XP level 7. HP: 53/67 MP: 2/6
  2264 | Ossuary  | Reached ** piety under Makhleb
  2314 | Ossuary  | Reached XP level 8. HP: 75/76 MP: 3/9
  2410 | Ossuary  | Identified a scroll of acquirement
  2515 | D:4      | Reached skill level 7 in Axes
  2570 | D:4      | Found Orchai's Distillery.
  2793 | D:5      | Entered Level 5 of the Dungeon
  3219 | D:6      | Noticed Blork the orc
  3219 | D:6      | Noticed Menkaure
  3221 | D:6      | Reached *** piety under Makhleb
  3226 | D:6      | Killed Blork the orc
  3226 | D:6      | Reached skill level 5 in Invocations
  3227 | D:6      | Killed Menkaure
  3262 | D:6      | Noticed Grinder
  3284 | D:6      | Killed Grinder
  3284 | D:6      | Reached skill level 5 in Armour
  3284 | D:6      | Reached skill level 5 in Shields
  3284 | D:6      | Gained mutation: You passively map the area around you. [Deep Dwarf growth]
  3284 | D:6      | Reached XP level 9. HP: 74/85 MP: 9/11
  4027 | D:7      | Reached skill level 8 in Axes
  4452 | D:7      | Found a staircase to the Ecumenical Temple.
  4755 | D:8      | Found a shadowy altar of Dithmenos.
  4790 | D:8      | Found a staircase to the Lair.
  5300 | D:8      | Found a glowing golden altar of the Shining One.
  5300 | D:8      | Found a shimmering altar of Xom.
  5300 | D:8      | Noticed a two-headed ogre
  5309 | D:8      | Killed a two-headed ogre
  5309 | D:8      | Reached XP level 10. HP: 82/96 MP: 13/13
  5577 | D:8      | Reached **** piety under Makhleb
  5877 | D:9      | Reached skill level 9 in Axes
  5954 | D:9      | Found Tazxica's Food Emporium.
  5956 | D:9      | Noticed Pikel
  5966 | D:9      | Killed Pikel
  5978 | D:9      | Found a hide-covered altar of Uskayaw.
  6211 | D:9      | Reached skill level 10 in Axes
  6365 | D:10     | Entered Level 10 of the Dungeon
  6475 | D:10     | Noticed Erolcha
  6487 | D:10     | Killed Erolcha
  6492 | D:10     | Reached XP level 11. HP: 68/104 MP: 15/15
  6499 | D:10     | Noticed a two-headed ogre
  6503 | D:10     | Killed a two-headed ogre
  6583 | D:10     | Found a radiant altar of Vehumet.
  7152 | D:11     | Found Alotazxie's Assorted Antiques.
  7175 | D:11     | Found Bayrhuuc's Weapon Shop.
  7177 | D:11     | Bought a bubbling coppery potion for 30 gold pieces
  7217 | D:11     | Noticed Grum
  7245 | D:11     | Killed Grum
  7280 | D:11     | Noticed Sonja
  7286 | D:11     | Killed Sonja
  7310 | D:11     | Reached skill level 11 in Axes
  7371 | D:11     | Found a staircase to the Orcish Mines.
  7434 | D:11     | Found Jeb Rajej's Antique Weapon Shoppe.
  7516 | D:11     | Noticed a centaur warrior
  7534 | D:11     | Killed a centaur warrior
  7589 | D:11     | Found Kiarph Cenee's Assorted Antiques.
  7598 | D:11     | Bought a gold wand for 92 gold pieces
  7876 | D:11     | Bought a knobbly garnet ring for 170 gold pieces
  7969 | Lair:1   | Entered Level 1 of the Lair of Beasts
  7980 | Lair:1   | Reached skill level 10 in Invocations
  8027 | Lair:1   | Found a dark tunnel.
  8046 | Volcano  | Entered a volcano
  8062 | Volcano  | Noticed a salamander mystic
  8070 | Volcano  | Killed a salamander mystic
  8073 | Volcano  | Found a radiant altar of Vehumet.
  8075 | Volcano  | Noticed a red draconian
  8091 | Volcano  | Killed a red draconian
  8092 | Volcano  | Reached XP level 12. HP: 90/114 MP: 16/16
  8109 | Volcano  | Reached skill level 12 in Axes
  8518 | Lair:1   | Noticed Fannar
  8525 | Lair:1   | Killed Fannar
  8662 | Lair:1   | Noticed a seven-headed hydra
  8666 | Lair:1   | Killed a seven-headed hydra
  8949 | Lair:2   | Found a staircase to the Shoals.
  8985 | Lair:2   | Got a steaming buckler
  9041 | Lair:1   | Identified the +3 buckler of Impatience {Str+2} (You found it on level 2 of the Lair of Beasts)
  9383 | Lair:2   | Noticed a four-headed hydra
  9396 | Lair:2   | Killed a one-headed hydra
  9396 | Lair:2   | Reached skill level 13 in Axes
  9407 | Lair:2   | Reached skill level 10 in Armour
  9407 | Lair:2   | Reached skill level 10 in Shields
  9417 | Lair:2   | Reached skill level 10 in Fighting
  9454 | Lair:2   | Found a hole to the Spider Nest.
  9816 | Lair:2   | You fall through a shaft for 2 floors!
 10188 | Lair:3   | Reached XP level 13. HP: 113/123 MP: 18/18
 10416 | Lair:3   | Reached ***** piety under Makhleb
 11946 | Lair:5   | Found a viscous altar of Jiyva.
 11947 | Lair:5   | Found a staircase to the Slime Pits.
 12310 | Lair:6   | Entered Level 6 of the Lair of Beasts
 12347 | Lair:6   | Reached skill level 14 in Axes
 12417 | Lair:6   | Found a frozen archway.
 12455 | IceCv    | Entered an ice cave
 12669 | IceCv    | Got a vibrating lead ring
 12671 | IceCv    | Identified the ring "Ruydwe" {+Inv rPois MR+ Str+3 Dex-3} (You found it in an ice cave)
 12937 | IceCv    | Reached ****** piety under Makhleb
 13018 | IceCv    | Noticed a frost giant
 13027 | IceCv    | Killed a frost giant
 13295 | Lair:6   | Reached skill level 15 in Axes
 13295 | Lair:6   | Gained mutation: You resist negative energy. (rN+) [Deep Dwarf growth]
 13295 | Lair:6   | Reached XP level 14. HP: 133/133 MP: 19/19
 13444 | Lair:6   | Reached skill level 1 in Evocations
 14033 | Lair:6   | Reached skill level 5 in Evocations
 14476 | Orc:1    | Entered Level 1 of the Orcish Mines
 14806 | Orc:1    | Noticed an orc warlord
 14829 | Orc:1    | Killed an orc warlord
 15000 | Orc:1    | Noticed a stone giant
 15016 | Orc:1    | Killed a stone giant
 15308 | Orc:2    | Entered Level 2 of the Orcish Mines
 15308 | Orc:2    | Found a staircase to the Elven Halls.
 15320 | Orc:2    | Found a bloodstained altar of Trog.
 15775 | Orc:2    | Reached skill level 16 in Axes
 16036 | Orc:2    | Found Exil's Food Shoppe.
 16038 | Orc:2    | Found Conkig's Food Emporium.
 16249 | Orc:2    | Reached XP level 15. HP: 126/141 MP: 20/20
 16392 | Orc:2    | Found Ungoixun's Gadget Boutique.
 16392 | Orc:2    | Found a one-way gate leading to the halls of Pandemonium.
 16392 | Orc:2    | Found Waass's Antique Armour Shop.
 16396 | Orc:2    | Bought a heavily runed plate armour for 840 gold pieces
 16408 | Orc:2    | Identified the +3 plate armour "Mydafis" {rElec Int+2} (You bought it in a shop on level 2 of the Orcish Mines)
 17940 | D:13     | Reached skill level 10 in Evocations
 18280 | D:14     | Found a bloodstained altar of Trog.
 18397 | D:14     | Reached skill level 17 in Axes
 18641 | D:14     | Found Lagysk's Armour Boutique.
 18701 | D:14     | Found a gate to the Vaults.
 18887 | D:14     | Found Joetaiv's Antique Weapon Shoppe.
 19187 | D:15     | Entered Level 15 of the Dungeon
 19675 | D:15     | Reached skill level 15 in Shields
 19700 | D:15     | Found a staircase to the Depths.
 19991 | Spider:1 | Entered Level 1 of the Spider Nest
 20042 | Spider:1 | Reached XP level 16. HP: 150/150 MP: 21/21
 20144 | Spider:1 | Reached skill level 18 in Axes
 20511 | Spider:1 | Noticed Aizul
 20532 | Spider:1 | Killed Aizul
 21186 | Spider:2 | Noticed Asterion
 21188 | Spider:2 | Noticed an Executioner
 21394 | Spider:1 | Killed Asterion
 21671 | Spider:2 | Noticed Frances
 21688 | Spider:2 | Killed Frances
 21822 | Spider:2 | Noticed Arachne
 21843 | Spider:2 | Killed Arachne
 22364 | Spider:3 | HP: 5/154 [entropy weaver (5)]
 22367 | Spider:3 | Slain by an entropy weaver

Vault maps used:
D:1:      dpeg_arrival_water_temple_mockup, minmay_cupped
D:2:      minmay_door_path, first_ration
D:3:      gammafunk_temple_overflow_wave, uniq_terence, uniq_jessica,
          uniq_crazy_yiuf_cottage
D:4:      serial_shops, nicolae_shop_behind_doors, gup_ossuary_entry_pyramid
D:6:      uniq_grinder, uniq_blork_the_orc, uniq_menkaure
D:7:      temple_doors_ab, lemuel_old_faithful
D:8:      gammafunk_temple_overflow_elements, nicolae_dithmenos_the_darkroom,
          grunt_lair_entry_orc_guard_hut
D:9:      lemuel_doored_altar, serial_shops, shop, the_bakery, uniq_pikel
D:10:     basic_altar, uniq_erolcha
D:11:     david_orc_4, serial_shops, shop, shop,
          nicolae_shop_overgrown_old_shop, nicolae_shop_stone, uniq_grum,
          uniq_sonja
D:12:     evilmike_surprise_oklob
D:14:     grunt_vaults_entry_tiered, roderic_lattice_a, basic_altar,
          serial_shops, nicolae_shop_crystal, shop
D:15:     gammafunk_enter_depths_forms, corexii_leaking_fountain
Lair:1:   nicolae_volcano_entry_two_sided, uniq_fannar
Lair:2:   minmay_shoals_entry_beasts, spider_nest_entry_a
Lair:4:   lemuel_slime, bh_chokoban, grunt_megastairs_4
Lair:5:   dpeg_slime_entry_enclosed_altar, lookout_lair_type
Lair:6:   minmay_lair_end_enchanted_forest, portal_ice_cave_entry_imps,
          serial_bayou_shore_a, lemuel_fruit_tree, grunt_megastairs_5
Spider:1: uniq_aizul
Spider:2: uniq_frances, uniq_arachne, uniq_asterion
Orc:2:    pf_orc_diabolical, basic_altar
Ossuary:  ossuary_minmay_scorpions
IceCv:    ice_cave_caverns_02
Volcano:  kennysheep_volcano_temple

Skill      XL: |  1  2  3  4  5  6  7  8  9 10 11 12 13 14 15 16 |
---------------+-------------------------------------------------+-----
Fighting       | 3 4 5 6 7 8 9 10 11 12 | 12.5
Axes           | 3 4 5 6 7 8 10 11 13 15 16 17 18 | 18.0
Invocations    | 1 3 5 7 8 10 11 | 11.7
Armour         | 5 6 7 9 10 11 13 | 13.4
Shields        | 5 6 7 9 10 11 13 15 | 15.0
Evocations     | 8 10 | 10.0

Action                   |  1- 3 |  4- 6 |  7- 9 | 10-12 | 13-15 | 16-18 || total
-------------------------+-------+-------+-------+-------+-------+-------++-------
Melee: War axe           |   123 |   139 |   101 |   173 |       |       ||   536
       Broad axe         |       |       |   209 |   326 |  1556 |   387 ||  2478
Throw: Throwing net      |       |       |       |     1 |       |       ||     1
Invok: Lesser Servant of |       |       |     4 |    15 |     2 |    10 ||    31
       Minor Destruction |       |       |       |     2 |       |     2 ||     4
 Abil: Heal Wounds       |     1 |     2 |     2 |     7 |     1 |       ||    13
Evoke: Wand              |       |       |       |       |     1 |     3 ||     4
  Use: Scroll            |       |     6 |    13 |    12 |     6 |     2 ||    39
       Potion            |       |       |       |     3 |     2 |       ||     5
 Stab: Distracted        |       |       |       |     4 |     1 |     3 ||     8
  Eat: Chunk             |     1 |     3 |    15 |    17 |    20 |     2 ||    58
       Ration            |       |       |       |     2 |     4 |       ||     6
Armor: Scale mail        |    73 |    63 |   148 |    43 |    93 |       ||   420
       Plate armour      |       |       |       |   193 |   605 |   264 ||  1062
Dodge: Dodged            |    56 |    42 |    67 |   164 |   380 |    82 ||   791
Block: Shield            |    82 |    80 |   170 |   301 |   637 |       ||  1270
       Large shield      |       |       |       |       |   312 |   428 ||   740

Table legend:
 A = Spawn XP
 B = Non-spawn XP
 C = Spawn XP percentage of total XP
 D = Spawn monster count
 E = Non-spawn monster count
 F = Spawn count percentage of total count
 G = Total turns spent on level
                    A         B        C        D         E        F      G
               +---------+---------+-------+---------+---------+-------+---------
         Total |       0 |  197736 |   0.0 |       0 |     967 |   0.0 | 22367
               +---------+---------+-------+---------+---------+-------+---------
           D:1 |       0 |      62 |   0.0 |       0 |      32 |   0.0 |  1004
           D:2 |       0 |      25 |   0.0 |       0 |      12 |   0.0 |   165
           D:3 |       0 |     224 |   0.0 |       0 |      19 |   0.0 |   684
           D:4 |       0 |     520 |   0.0 |       0 |      29 |   0.0 |   532
           D:5 |       0 |     499 |   0.0 |       0 |      22 |   0.0 |   395
           D:6 |       0 |     924 |   0.0 |       0 |      10 |   0.0 |   722
           D:7 |       0 |     937 |   0.0 |       0 |      20 |   0.0 |   777
           D:8 |       0 |    2225 |   0.0 |       0 |      29 |   0.0 |  1265
           D:9 |       0 |    3191 |   0.0 |       0 |      32 |   0.0 |   573
          D:10 |       0 |    3335 |   0.0 |       0 |      23 |   0.0 |   776
          D:11 |       0 |    4866 |   0.0 |       0 |      40 |   0.0 |   921
          D:12 |       0 |    5955 |   0.0 |       0 |      32 |   0.0 |   539
          D:13 |       0 |    7311 |   0.0 |       0 |      26 |   0.0 |  1041
          D:14 |       0 |   17607 |   0.0 |       0 |      63 |   0.0 |  1073
          D:15 |       0 |   11176 |   0.0 |       0 |      34 |   0.0 |   610
        Lair:1 |       0 |    4648 |   0.0 |       0 |      15 |   0.0 |   830
        Lair:2 |       0 |   10870 |   0.0 |       0 |      45 |   0.0 |  1031
        Lair:3 |       0 |    4119 |   0.0 |       0 |      16 |   0.0 |   957
        Lair:4 |       0 |    1510 |   0.0 |       0 |      29 |   0.0 |   784
        Lair:5 |       0 |    2417 |   0.0 |       0 |      15 |   0.0 |   684
        Lair:6 |       0 |   23981 |   0.0 |       0 |     100 |   0.0 |  1250
      Spider:1 |       0 |   17891 |   0.0 |       0 |      44 |   0.0 |  1508
      Spider:2 |       0 |   12730 |   0.0 |       0 |      27 |   0.0 |   597
      Spider:3 |       0 |   15142 |   0.0 |       0 |      43 |   0.0 |   271
         Orc:1 |       0 |    8070 |   0.0 |       0 |      40 |   0.0 |   857
         Orc:2 |       0 |   20507 |   0.0 |       0 |      82 |   0.0 |  1221
       Ossuary |       0 |     938 |   0.0 |       0 |      29 |   0.0 |   408
         IceCv |       0 |   11776 |   0.0 |       0 |      51 |   0.0 |   715
       Volcano |       0 |    4280 |   0.0 |       0 |       8 |   0.0 |   177
               +---------+---------+-------+---------+---------+-------+---------
